 Dungeon Crawl Stone Soup version 0.17.2-1-ge4368a0 (webtiles) character file.

56 magog001 the Insei (level 3, 0/28 HPs)
             Began as a Vampire Monk on Oct 23, 2016.
             Slain by a worm (4 damage)
             ... on level 2 of the Dungeon.
             The game lasted 00:10:02 (1391 turns).

magog001 the Insei (Vampire Monk)                   Turns: 1391, Time: 00:10:02

Health: 0/28       AC:  4    Str: 10    XL:     3   Next: 69%
Magic:  3/3        EV: 20    Int: 12    God:
Gold:   13         SH:  0    Dex: 22    Spells: 0 memorised, 2 levels left

rFire  . . .     SeeInvis +       - Unarmed
rCold  . . .     Clarity  .     a - +0 robe
rNeg   . . .     SustAt   .     (no shield)
rPois  .         Gourm    .     (no helmet)
rElec  .         Spirit   .     e - +1 cloak {MR+}
rCorr  .         Warding  .     (no gloves)
rMut   .         Stasis   .     (no boots)
MR     +....                    (no amulet)
Stlth  ++++......               (no ring)
                                (no ring)

@: agile, regenerating quickly, somewhat resistant to hostile enchantments,
stealthy
A: fangs 3, see invisible, unbreathing
a: no special abilities


You were on level 2 of the Dungeon.
You were full.

You visited 1 branch of the dungeon, and saw 2 of its levels.

You collected 13 gold pieces.

Inventory:

Missiles
 f - 40 bolts
 h - 32 arrows
 i - 20 stones (quivered)
Armour
 a - a +0 robe (worn)
 e - a +1 cloak of magic resistance (worn)
Scrolls
 c - 2 scrolls of remove curse {unknown}
 d - a scroll of teleportation {unknown}
 g - a scroll of random uselessness {unknown}
 k - a scroll of enchant weapon {unknown}
 o - a scroll of enchant armour {unknown}
Potions
 b - 18 potions of blood
 j - a potion of haste {unknown}
 l - a potion of flight {unknown}
 m - a potion of mutation {unknown}
 n - a potion of agility


   Skills:
 + Level 2.8 Fighting
 * Level 0.2 Throwing
 + Level 3.6 Dodging
 + Level 3.9 Stealth
 * Level 5.2 Unarmed Combat


You had 2 spell levels left.
You didn't know any spells.

Dungeon Overview and Level Annotations

Branches:
Dungeon (2/15)

Altars:
Ashenzari
Dithmenos
Gozag


Innate Abilities, Weirdness & Mutations

Your natural rate of healing is unusually fast.
You have razor-sharp teeth.
You have supernaturally acute eyesight.
You can survive without breathing.


Message History

The worm is moderately wounded.
The worm bites you!
You punch the worm!
The worm is severely wounded.
You completely miss the worm. You bite the worm, but do no damage.
The worm is severely wounded.
The worm closely misses you.
You hit the worm but do no damage.
The worm is heavily wounded.
You barely miss the worm. You bite the worm.
The worm is severely wounded.
The worm bites you.
* * * LOW HITPOINT WARNING * * *
You hit the worm.
The worm is almost dead.
Drink which item? (? for menu, Esc to quit)
It was a potion of agility.
You feel agile all of a sudden. The worm bites you.
You die...

###.###### #.....#.....###.....#
#.# ##........##.#....#..# ###.#
#.......####.......... ..#.#
#.###...##....##.....# ....#
#.###......####......# ....#
######.....####.##......... ##..#
#..<.#..#.#..........<.....
....###......##.#................
#.#..##......#.w@................
#.#....)..(((((.#........#......)
....##...................##....#.
#.#.#.....(..###........####..#..
........###..............# ####..
#......# #.#####........### #..
#....#.##...# ###..........####..
#...##.##.#. #..........#....#..
#...##.#..#.###..#..#............


You could see a worm.

Vanquished Creatures
  An adder (D:2)
  An ooze (D:1)
  2 giant geckos (D:2)
  5 goblins
  8 hobgoblins
  5 kobolds
  2 quokkas (D:2)
  8 bats
  8 rats
40 creatures vanquished.

Vanquished Creatures (others)
  A plant (D:2)
1 creature vanquished.

Grand Total: 41 creatures vanquished

Notes
Turn   | Place    | Note
--------------------------------------------------------------
     0 | D:1      | magog001 the Vampire Monk began the quest for the Orb.
     0 | D:1      | Reached XP level 1. HP: 17/17 MP: 1/1
   163 | D:1      | Reached XP level 2. HP: 23/23 MP: 2/2
   449 | D:1      | Reached skill level 5 in Unarmed Combat
   606 | D:2      | Reached XP level 3. HP: 26/28 MP: 3/3
  1107 | D:2      | Found a shattered altar of Ashenzari.
  1111 | D:2      | Saw a vision of the Swamp and the Spider Nest.
  1111 | D:2      | Noticed a swamp drake
  1111 | D:2      | Noticed a redback
  1111 | D:2      | Noticed a swamp drake
  1111 | D:2      | Noticed an alligator
  1111 | D:2      | Noticed a redback
  1111 | D:2      | Noticed a redback
  1111 | D:2      | Noticed a wolf spider
  1111 | D:2      | Noticed a scorpion
  1111 | D:2      | Noticed an alligator
  1111 | D:2      | Noticed a water moccasin
  1112 | D:2      | Noticed a spider
  1322 | D:2      | Found a shadowy altar of Dithmenos.
  1324 | D:2      | Found an opulent altar of Gozag.
  1391 | D:2      | Slain by a worm

Action                   || total
-------------------------++-------
Melee: Unarmed           ||   118
Throw: Stone             ||    60
  Use: Potion            ||     7
 Stab: Sleeping          ||     7
